TOP OF THE 1ST |
Peoria Chiefs batting - Pitching for Fort Wayne TinCaps : RHP Carlos Lomeli
|
Pitching: RHP Carlos Lomeli
|
|
Batting: SHB Dairon Cuevas
|
0-0: Ball 1-0: Called Strike 1-1: Swinging Strike 1-2: Ball 2-2: Foul Ball, location: 2F 2-2: Ball 3-2: Base on Balls
|
Batting: RHB Alexander Suarez
|
0-0: Sac Bunt to 23 - play at first, batter OUT! 3-4 Dairon Cuevas to second
|
Batting: RHB Alison Quintero
|
0-0: Called Strike 0-1: Foul Ball, location: 3F 0-2: Ball 1-2: Strikes out swinging
|
Batting: LHB Esteban Gonzalez
|
0-0: Called Strike 0-1: Fly out, F9 (Line Drive, 9, EV 91.9 MPH)
|
Top of the 1st over - 0 runs, 0 hits, 0 errors, 1 left on base; Peoria 0 - Fort Wayne 0 |
BOTTOM OF THE 1ST |
Fort Wayne TinCaps batting - Pitching for Peoria Chiefs : LHP Ryan Webb
|
Pitching: LHP Ryan Webb
|
|
Batting: SHB Isaac Pena
|
0-0: Foul Ball, location: 9LSF 0-1: Foul Ball, location: 2F 0-2: Ball 1-2: Foul Ball, location: 2F 1-2: Ground out 6-3 (Groundball, 6, EV 104.4 MPH)
|
Batting: RHB Nathaniel Ochoa Leyva
|
0-0: Foul Ball, location: 2F 0-1: Foul Ball, location: 7LSF 0-2: Ball 1-2: Ball 2-2: Strikes out looking
|
Batting: RHB Cristian Heredia
|
0-0: Called Strike 0-1: Ball 1-1: Called Strike 1-2: Strikes out swinging
|
Bottom of the 1st over - 0 runs, 0 hits, 0 errors, 0 left on base; Peoria 0 - Fort Wayne 0 |
TOP OF THE 2ND |
Peoria Chiefs batting - Pitching for Fort Wayne TinCaps : RHP Carlos Lomeli
|
Batting: RHB Andy Garriola
|
0-0: Ball 1-0: Ball 2-0: Foul Ball, location: 2F 2-1: Ground out 6-3 (Groundball, 6, EV 81.9 MPH)
|
Batting: LHB Carlos Jimenez
|
0-0: Ball 1-0: SOLO HOME RUN (Flyball, 9LD, EV 91.3 MPH), Distance : 353 ft
|
Batting: RHB Jeffry Parra
|
0-0: Swinging Strike 0-1: Ball 1-1: Foul Ball, location: 2F 1-2: Foul Ball, location: 2F 1-2: Strikes out swinging
|
Batting: LHB Carlos Sanchez
|
0-0: Foul Ball, location: 2F 0-1: Swinging Strike 0-2: Strikes out swinging
|
Top of the 2nd over - 1 run, 1 hit, 0 errors, 0 left on base; Peoria 1 - Fort Wayne 0 |
BOTTOM OF THE 2ND |
Fort Wayne TinCaps batting - Pitching for Peoria Chiefs : LHP Ryan Webb
|
Batting: RHB Jhonny Piron
|
0-0: Called Strike 0-1: Foul Ball, location: 2F 0-2: Ball 1-2: Strikes out looking
|
Batting: RHB Robert Hendrick
|
0-0: Swinging Strike 0-1: Called Strike 0-2: Ball 1-2: Strikes out swinging
|
Batting: RHB Eliesbert Alejos
|
0-0: Ball 1-0: Ground out 2-3 (Groundball, 13S, EV 61.9 MPH)
|
Bottom of the 2nd over - 0 runs, 0 hits, 0 errors, 0 left on base; Peoria 1 - Fort Wayne 0 |
TOP OF THE 3RD |
Peoria Chiefs batting - Pitching for Fort Wayne TinCaps : RHP Carlos Lomeli
|
Batting: RHB Jesus Lara
|
0-0: Ground out 4-3 (Groundball, 4M, EV 107.5 MPH)
|
Batting: SHB Dairon Cuevas
|
0-0: Ball 1-0: Ball 2-0: Ball 3-0: Called Strike 3-1: Foul Ball, location: 2F 3-2: Strikes out looking
|
Batting: RHB Alexander Suarez
|
0-0: Swinging Strike 0-1: Ball 1-1: Fly out, F8 (Flyball, 8LS, EV 93.8 MPH)
|
Top of the 3rd over - 0 runs, 0 hits, 0 errors, 0 left on base; Peoria 1 - Fort Wayne 0 |
BOTTOM OF THE 3RD |
Fort Wayne TinCaps batting - Pitching for Peoria Chiefs : LHP Ryan Webb
|
Pitching: RHP Arielbi Gonzalez
|
|
Batting: RHB Bayron Lora
|
0-0: Called Strike 0-1: Swinging Strike 0-2: Ball 1-2: Ball 2-2: Strikes out swinging
|
Batting: SHB Luis Colon
|
0-0: Called Strike 0-1: Foul Ball, location: 2F 0-2: Ball 1-2: SINGLE (Groundball, 4D, EV 103.8 MPH)
|
Batting: RHB Randy Arrieta
|
0-0: Called Strike 0-1: Ball 1-1: Foul Ball, location: 3DF 1-2: Fly out, F9 (Flyball, 89D, EV 105.6 MPH)
|
Batting: SHB Isaac Pena
|
0-0: Ball 1-0: Ball 2-0: SINGLE (Line Drive, 6D, EV 106.9 MPH) Luis Colon to second
|
Batting: RHB Nathaniel Ochoa Leyva
|
0-0: Ball 1-0: Ground out 1-3 (Groundball, P, EV 73.1 MPH)
|
Bottom of the 3rd over - 0 runs, 2 hits, 0 errors, 2 left on base; Peoria 1 - Fort Wayne 0 |
TOP OF THE 4TH |
Peoria Chiefs batting - Pitching for Fort Wayne TinCaps : RHP Carlos Lomeli
|
Batting: RHB Alison Quintero
|
0-0: Ball 1-0: Called Strike 1-1: Ball 2-1: SOLO HOME RUN (Flyball, 7D, EV 98.8 MPH), Distance : 382 ft
|
Batting: LHB Esteban Gonzalez
|
0-0: Called Strike 0-1: Ball 1-1: Ground out 4-3 (Groundball, 4, EV 70.0 MPH)
|
Batting: RHB Andy Garriola
|
0-0: Ball 1-0: Called Strike 1-1: Ball 2-1: Ground out 4-3 (Groundball, 4S, EV 81.9 MPH)
|
Batting: LHB Carlos Jimenez
|
0-0: Foul Ball, location: 25F 0-1: Called Strike 0-2: Foul Ball, location: 7LDF 0-2: Strikes out swinging
|
Top of the 4th over - 1 run, 1 hit, 0 errors, 0 left on base; Peoria 2 - Fort Wayne 0 |
BOTTOM OF THE 4TH |
Fort Wayne TinCaps batting - Pitching for Peoria Chiefs : RHP Arielbi Gonzalez
|
Batting: RHB Cristian Heredia
|
0-0: Ball 1-0: Swinging Strike 1-1: Ground out 6-3 (Groundball, 6, EV 104.4 MPH)
|
Batting: RHB Jhonny Piron
|
0-0: Foul Ball, location: 2F 0-1: Foul Ball, location: 2F 0-2: Ball 1-2: Ball 2-2: Strikes out swinging
|
Batting: RHB Robert Hendrick
|
0-0: Foul Ball, location: 9LMF 0-1: Swinging Strike 0-2: Strikes out swinging
|
Bottom of the 4th over - 0 runs, 0 hits, 0 errors, 0 left on base; Peoria 2 - Fort Wayne 0 |
TOP OF THE 5TH |
Peoria Chiefs batting - Pitching for Fort Wayne TinCaps : RHP Carlos Lomeli
|
Batting: RHB Jeffry Parra
|
0-0: Ball 1-0: Called Strike 1-1: Ball 2-1: Ground out 4-3 (Groundball, 4, EV 103.8 MPH)
|
Batting: LHB Carlos Sanchez
|
0-0: Called Strike 0-1: SINGLE (Line Drive, 4MD, EV 101.9 MPH)
|
Batting: RHB Jesus Lara
|
0-0: Ball 1-0: Called Strike 1-1: Ball 2-1: Ball 3-1: Swinging Strike 3-2: Base on Balls Carlos Sanchez to second
|
Batting: SHB Dairon Cuevas
|
0-0: Called Strike 0-1: Ball 1-1: Swinging Strike 1-2: Fly out, F8 (Flyball, 8RM, EV 83.8 MPH)
|
Batting: RHB Alexander Suarez
|
0-0: Foul Ball, location: 2F 0-1: Fly out, F7 (Line Drive, 7S, EV 91.3 MPH)
|
Top of the 5th over - 0 runs, 1 hit, 0 errors, 2 left on base; Peoria 2 - Fort Wayne 0 |
BOTTOM OF THE 5TH |
Fort Wayne TinCaps batting - Pitching for Peoria Chiefs : RHP Arielbi Gonzalez
|
Batting: RHB Eliesbert Alejos
|
0-0: Called Strike 0-1: Swinging Strike 0-2: Ball 1-2: Strikes out swinging
|
Batting: RHB Bayron Lora
|
0-0: Ball 1-0: Swinging Strike 1-1: Swinging Strike 1-2: Strikes out swinging
|
Batting: SHB Luis Colon
|
0-0: Ball 1-0: Ball 2-0: Ball 3-0: Base on Balls
|
Pitching: LHP Sandro Bargallo
|
|
Batting: RHB Randy Arrieta
|
0-0: 2-RUN HOME RUN (Line Drive, 8LXD, EV 110.0 MPH), Distance : 433 ft
|
Batting: SHB Isaac Pena
|
0-0: SINGLE (Groundball, 6MD, EV 103.1 MPH)
|
Batting: RHB Nathaniel Ochoa Leyva
|
0-0: Fly out, F9 (Flyball, 89S, EV 88.8 MPH)
|
Bottom of the 5th over - 2 runs, 2 hits, 0 errors, 1 left on base; Peoria 2 - Fort Wayne 2 |
TOP OF THE 6TH |
Peoria Chiefs batting - Pitching for Fort Wayne TinCaps : RHP Carlos Lomeli
|
Batting: RHB Alison Quintero
|
0-0: Called Strike 0-1: Ball 1-1: Foul Ball, location: 7LMFF 1-2: Ball 2-2: Ball 3-2: SINGLE (Line Drive, 6D, EV 97.5 MPH)
|
Batting: LHB Esteban Gonzalez
|
0-0: Foul Ball, location: 2F 0-1: Ball 1-1: Foul Ball, location: 2F 1-2: Ball 2-2: Foul Ball, location: 9LSF 2-2: Strikes out swinging
|
Batting: RHB Andy Garriola
|
0-0: Ball 1-0: Called Strike 1-1: Ball 2-1: Called Strike 2-2: Strikes out swinging
|
Batting: LHB Carlos Jimenez
|
0-0: Ball 1-0: Swinging Strike 1-1: Foul Ball, location: 5SF 1-2: SINGLE (Line Drive, 9S, EV 88.1 MPH) Alison Quintero to second Runner from 2nd tries for 3rd, SAFE, throw by RF made to third
|
Pitching: RHP Juan Cota
|
|
Batting: RHB Jeffry Parra
|
0-0: Called Strike 0-1: Foul Ball, location: 2F 0-2: Ball 1-2: Ground out 6-3 (Groundball, 6M, EV 97.5 MPH)
|
Top of the 6th over - 0 runs, 2 hits, 0 errors, 2 left on base; Peoria 2 - Fort Wayne 2 |
BOTTOM OF THE 6TH |
Fort Wayne TinCaps batting - Pitching for Peoria Chiefs : LHP Sandro Bargallo
|
Batting: RHB Cristian Heredia
|
0-0: Hit by Pitch
|
Batting: RHB Jhonny Piron
|
0-0: Foul Ball, location: 2F 0-1: Foul Ball, location: 7LMF 0-2: Fly out, F3 (Line Drive, 3L, EV 75.6 MPH) Lined into DP, U3 (Line Drive, 3L, EV 75.6 MPH)
|
Pinch Hitting: RHB Omar Romero
|
0-0: Ball 1-0: Foul Ball, location: 3FF 1-1: Called Strike 1-2: Strikes out swinging
|
Bottom of the 6th over - 0 runs, 0 hits, 0 errors, 0 left on base; Peoria 2 - Fort Wayne 2 |
TOP OF THE 7TH |
Peoria Chiefs batting - Pitching for Fort Wayne TinCaps : RHP Juan Cota
|
Now in RF: Karniel Pratt
|
|
Batting: LHB Carlos Sanchez
|
0-0: Swinging Strike 0-1: Ball 1-1: Swinging Strike 1-2: Strikes out looking
|
Pinch Hitting: LHB Tyler Duncan
|
0-0: Ball 1-0: Ball 2-0: Called Strike 2-1: Swinging Strike 2-2: Ball 3-2: Base on Balls
|
Batting: SHB Dairon Cuevas
|
0-0: Foul Ball, location: 2F 0-1: Ball 1-1: Ball 2-1: Called Strike 2-2: Foul Ball, location: 2F 2-2: Strikes out swinging
|
Batting: RHB Alexander Suarez
|
0-0: Fielders Choice at 2nd, 6-4 (Groundball, 56, EV 86.3 MPH)
|
Top of the 7th over - 0 runs, 0 hits, 0 errors, 1 left on base; Peoria 2 - Fort Wayne 2 |
BOTTOM OF THE 7TH |
Fort Wayne TinCaps batting - Pitching for Peoria Chiefs : LHP Sandro Bargallo
|
Pitching: RHP Michael Danielak
|
|
Now at 2B: Luis Silva
|
|
Batting: RHB Eliesbert Alejos
|
0-0: Ball 1-0: Swinging Strike 1-1: Foul Ball, location: 2LF 1-2: Ground out 6-3 (Groundball, 6, EV 98.8 MPH)
|
Batting: RHB Bayron Lora
|
0-0: Ball 1-0: Called Strike 1-1: Foul Ball, location: 3F 1-2: Fly out, F7 (Flyball, 7, EV 87.5 MPH)
|
Batting: SHB Luis Colon
|
0-0: Ball 1-0: Called Strike 1-1: Called Strike 1-2: Foul Ball, location: 5SF 1-2: Strikes out swinging
|
Bottom of the 7th over - 0 runs, 0 hits, 0 errors, 0 left on base; Peoria 2 - Fort Wayne 2 |
TOP OF THE 8TH |
Peoria Chiefs batting - Pitching for Fort Wayne TinCaps : RHP Juan Cota
|
Batting: RHB Alison Quintero
|
0-0: Ball 1-0: Foul Ball, location: 9LSF 1-1: Ball 2-1: Foul Ball, location: 9LSF 2-2: Ball 3-2: Foul Ball, location: 2F 3-2: Base on Balls
|
Pitching: LHP Deivy Cruz
|
|
Batting: LHB Esteban Gonzalez
|
0-0: Ball 1-0: Ball 2-0: Ball 3-0: Base on Balls Alison Quintero to second
|
Batting: RHB Andy Garriola
|
0-0: Hit by Pitch Alison Quintero to third Esteban Gonzalez to second
|
Batting: LHB Carlos Jimenez
|
0-0: Swinging Strike 0-1: Ball 1-1: Ball 2-1: Foul Ball, location: 3FF 2-2: Strikes out looking
|
Pitching: RHP Michael Arias
|
|
Batting: RHB Jeffry Parra
|
0-0: Ball 1-0: Foul Ball, location: 23FF 1-1: Swinging Strike 1-2: Strikes out swinging
|
Batting: LHB Carlos Sanchez
|
0-0: Foul Ball, location: 2LF 0-1: Ball 1-1: Foul Ball, location: 9LSF 1-2: Ground out 3-1 (Groundball, 34S, EV 86.9 MPH)
|
Top of the 8th over - 0 runs, 0 hits, 0 errors, 3 left on base; Peoria 2 - Fort Wayne 2 |
BOTTOM OF THE 8TH |
Fort Wayne TinCaps batting - Pitching for Peoria Chiefs : RHP Michael Danielak
|
Batting: RHB Randy Arrieta
|
0-0: Ball 1-0: Ball 2-0: Ball 3-0: Base on Balls
|
Batting: SHB Isaac Pena
|
0-0: SINGLE (Line Drive, 4MD, EV 96.3 MPH) Randy Arrieta to second Runner from 2nd tries for 3rd, SAFE, no throw by CF
|
Batting: RHB Nathaniel Ochoa Leyva
|
0-0: Foul Ball, location: 23FF 0-1: Ball 1-1: Ball 2-1: Called Strike 2-2: Strikes out swinging
|
Pinch Hitting: RHB Andre Arthur
|
0-0: Called Strike 0-1: Foul Ball, location: 9LMF 0-2: Foul Ball, location: 2F 0-2: Foul Ball, location: 2LF 0-2: Foul Ball, location: 3F 0-2: Strikes out looking
|
Pitching: LHP Emilio Marquez
|
|
Pinch Hitting: RHB Cristofher Paniagua
|
0-0: Called Strike 0-1: Ball 1-1: Swinging Strike 1-2: Ball 2-2: Fly out, F8 (Flyball, 8RM, EV 86.9 MPH)
|
Bottom of the 8th over - 0 runs, 1 hit, 0 errors, 2 left on base; Peoria 2 - Fort Wayne 2 |
TOP OF THE 9TH |
Peoria Chiefs batting - Pitching for Fort Wayne TinCaps : RHP Michael Arias
|
Pitching: RHP Yaqui Rivera
|
|
Now in LF: Andre Arthur
|
|
Now in CF: Cristofher Paniagua
|
|
Batting: RHB Luis Silva
|
0-0: SINGLE (Groundball, 4MD, EV 96.3 MPH)
|
Batting: SHB Dairon Cuevas
|
0-0: Sac Bunt to 15S - play at first, batter OUT! 1-3 Luis Silva to second
|
Batting: RHB Alexander Suarez
|
0-0: Called Strike 0-1: Ground out 4-3 (Groundball, 4M, EV 87.5 MPH) Luis Silva to third
|
Batting: RHB Alison Quintero
|
0-0: Intentional Walk
|
Batting: LHB Esteban Gonzalez
|
0-0: Called Strike 0-1: Ball 1-1: Ball 2-1: Ball 3-1: SINGLE (Line Drive, 9LS, EV 105.0 MPH) Luis Silva scores Alison Quintero to second
|
Batting: RHB Andy Garriola
|
0-0: Foul Ball, location: 2F 0-1: Ball 1-1: Ball 2-1: Ball 3-1: Base on Balls Alison Quintero to third Esteban Gonzalez to second
|
Batting: LHB Carlos Jimenez
|
0-0: Ball 1-0: Ball 2-0: Ball 3-0: Base on Balls Alison Quintero scores Esteban Gonzalez to third Andy Garriola to second
|
Batting: RHB Jeffry Parra
|
0-0: Ball Passed Ball! Esteban Gonzalez scores Andy Garriola to third Carlos Jimenez to second 1-0: Ball 2-0: Ground out 4-3 (Groundball, 4, EV 75.6 MPH)
|
Top of the 9th over - 3 runs, 2 hits, 0 errors, 2 left on base; Peoria 5 - Fort Wayne 2 |
BOTTOM OF THE 9TH |
Fort Wayne TinCaps batting - Pitching for Peoria Chiefs : LHP Emilio Marquez
|
Pitching: RHP Roither Hernandez
|
|
Batting: RHB Karniel Pratt
|
0-0: Swinging Strike 0-1: Swinging Strike 0-2: Ball 1-2: Ball 2-2: Ball 3-2: Strikes out swinging
|
Batting: RHB Eliesbert Alejos
|
0-0: Called Strike 0-1: Ball 1-1: Ball 2-1: Ball 3-1: Base on Balls
|
Batting: RHB Bayron Lora
|
0-0: Called Strike 0-1: Ball 1-1: Ball 2-1: Foul Ball, location: 2F 2-2: DOUBLE (Flyball, 8LXD, EV 79.4 MPH) Eliesbert Alejos to third
|
Batting: SHB Luis Colon
|
0-0: Called Strike 0-1: Ball Wild Pitch! Eliesbert Alejos scores Bayron Lora to third 1-1: Called Strike 1-2: Ball 2-2: Ground out 6-3 (Groundball, 6M, EV 90.6 MPH)
|
Batting: RHB Randy Arrieta
|
0-0: Swinging Strike 0-1: Ball 1-1: Foul Ball, location: 2F 1-2: Ground out 5-3 (Groundball, 56S, EV 85.6 MPH)
|
Bottom of the 9th over - 1 run, 1 hit, 0 errors, 1 left on base; Peoria 5 - Fort Wayne 3 |
|